 Dungeon Crawl Stone Soup version 0.21-a0-178-g0b87683 (webtiles) character file.

1346 wolfsongas the Unseen (level 8, -1/50 HPs)
             Began as an Octopode Assassin on Aug 10, 2017.
             Was a Believer of Dithmenos.
             Slain by Umoon's ghost (10 damage)
             ... on level 5 of the Dungeon.
             The game lasted 00:11:31 (3359 turns).

wolfsongas the Unseen (Octopode Assassin)           Turns: 3359, Time: 00:11:31

Health: -1/50      AC:  2    Str: 10    XL:     8   Next: 62%
Magic:  8/8        EV: 13    Int: 13    God:    Dithmenos [**....]
Gold:   185        SH:  0    Dex: 16    Spells: 7/7 levels left

rFire    . . .     SeeInvis .   p - -1 dagger (curse)
rCold    + . .     Gourm    .   (no shield)
rNeg     . . .     Faith    .   (helmet restricted)
rPois    .         Spirit   .   (no amulet)
rElec    .         Reflect  .   k - +3 ring of slaying
rCorr    .         Harm     .   (no ring)
MR       .....                  (no ring)
Stlth    +++++++++.             (no ring)
HPRegen  0.16/turn              (no ring)
MPRegen  0.11/turn              (no ring)
                                (no ring)
                                (no ring)

@: wreathed by umbra
A: almost no armour, stealthy swim, amphibious, 8 rings, constrict 8, camouflage
1, cold resistance 1, shaggy fur 1, gelatinous body 1, evolution 2
a: Shadow Step, Renounce Religion


You were on level 5 of the Dungeon.
You worshipped Dithmenos.
Dithmenos was pleased with you.
You were not hungry.

You visited 1 branch of the dungeon, and saw 5 of its levels.

You collected 185 gold pieces.

Inventory:

Hand Weapons
 b - a +0 blowgun
 f - a +1 dagger of venom
 p - a cursed -1 dagger (weapon)
 r - a +2 dagger of holy wrath
Missiles
 c - 22 poisoned needles
 d - 2 curare-tipped needles
Jewellery
 k - a +3 ring of slaying (left tentacle)
Wands
 n - a wand of iceblast (6/15)
Scrolls
 a - 2 scrolls of identify
 e - a scroll of magic mapping
 i - a scroll of fear
 j - 6 scrolls of teleportation
 m - a scroll of recharging
Potions
 l - 2 potions of curing
 q - a potion of lignification {unknown}
Comestibles
 g - a bread ration
 h - 3 meat rations
 o - 3 chunks of flesh
 s - a royal jelly


   Skills:
 - Level 2.0 Fighting
 * Level 6.7 Short Blades
 - Level 2.0 Throwing
 - Level 1.0 Dodging
 + Level 17.4 Stealth


You had 7 spell levels left.
You didn't know any spells.

Dungeon Overview and Level Annotations

Branches:
Dungeon (5/15)             Temple (0/1) D:4

Altars:
Dithmenos
Gozag
Qazlal

Shops:
D:5 }

Annotations:
D:5 Umoon's ghost, novice CeFi


Innate Abilities, Weirdness & Mutations

You cannot wear most types of armour.
You are very stealthy in the water. (Stealth+)
You are amphibious.
You can wear up to eight rings at the same time.
You can use your tentacles to constrict eight enemies at once.
Your skin changes colour to match your surroundings (Stealth+).
Your rubbery body absorbs attacks. (AC +1, EV +1)
Your flesh is cold resistant. (rC+)
You are covered in fur. (AC +1)
You rapidly evolve.


Message History

You barely miss Umoon's ghost.
Umoon's ghost is heavily damaged.
Umoon's ghost hits you.
* * * LOW HITPOINT WARNING * * *
You hit Umoon's ghost. You squeeze Umoon's ghost.
Umoon's ghost is heavily damaged.
You hit Umoon's ghost but do no damage.
Umoon's ghost is heavily damaged.
Umoon's ghost hits you.
* * * LOW HITPOINT WARNING * * *
You hit Umoon's ghost but do no damage.
Umoon's ghost is heavily damaged.
Umoon's ghost misses you.
Umoon's ghost hits you but does no damage.
Umoon's ghost hits you!
* * * LOW HITPOINT WARNING * * *
It was a potion of curing.
You feel better. Umoon's ghost barely misses you.
Umoon's ghost barely misses you. Umoon's ghost hits you!
You die...

#.#.#. #.#
#####.#.#.###.############
Y.....#.#..............).#
......#.#..(.............#
.......[.................#
......#.##...............# #
......#.##...............#....
......#.##....................
#######....Y...W@.............
#####....................
######....##############.#####
..........'......).......#
.#####...†######..###############
....##....# ##................
....##.÷..# #....#...#..g#...
....##....# #...#.#...#.#...#
....##....# #..#...#...#...#.


You could see an ice beast and Umoon's ghost.

Vanquished Creatures
  Eustachio (D:4)
  Edmund (D:4)
  An eye of draining (D:5)
  2 phantoms (D:5)
  2 ogres (D:4)
  Blork the orc (D:5)
  A scorpion (D:5)
  A quasit (D:4)
  A hound (D:5)
  An iguana (D:5)
  3 worker ants
  Ijyb (D:3)
  An orc wizard (D:3)
  8 adders
  A shadow imp (D:5)
  An adder skeleton (D:4)
  3 worms
  A dart slug (D:1)
  2 leopard geckos
  17 orcs
  3 ball pythons
  5 giant cockroaches
  8 hobgoblins
  2 jackals (D:1)
  3 quokkas
  13 bats
  3 frilled lizards
  5 goblins
  3 kobolds
  2 leopard gecko skeletons
  A quokka skeleton (D:3)
  9 rats
107 creatures vanquished.

Notes
Turn   | Place    | Note
-------+----------+-------------------------------------------
     0 | D:1      | wolfsongas the Octopode Assassin began the quest for the Orb.
     0 | D:1      | Reached XP level 1. HP: 14/14 MP: 1/1
   127 | D:1      | Reached XP level 2. HP: 17/19 MP: 2/2
   150 | D:1      | Gained mutation: Your flesh is cold resistant. (rC+) [potion of mutation]
   150 | D:1      | Gained mutation: You are covered in fur. (AC +1) [potion of mutation]
   150 | D:1      | Gained mutation: You evolve. [potion of mutation]
   372 | D:1      | Reached XP level 3. HP: 24/24 MP: 3/3
   897 | D:2      | Found a shadowy altar of Dithmenos.
   909 | D:2      | Became a worshipper of Dithmenos the Shadowed
  1000 | D:2      | Found a stormy altar of Qazlal.
  1011 | D:2      | Reached skill level 6 in Stealth
  1011 | D:2      | Reached XP level 4. HP: 21/29 MP: 4/4
  1371 | D:2      | Reached * piety under Dithmenos
  1489 | D:3      | Reached XP level 5. HP: 34/34 MP: 5/5
  1552 | D:3      | Noticed Ijyb
  1568 | D:3      | Killed Ijyb
  1756 | D:3      | Reached skill level 16 in Stealth
  1756 | D:3      | Reached XP level 6. HP: 39/39 MP: 6/6
  2508 | D:4      | Reached skill level 5 in Short Blades
  2508 | D:4      | Reached XP level 7. HP: 45/45 MP: 7/7
  2561 | D:4      | Reached skill level 17 in Stealth
  2602 | D:4      | Reached ** piety under Dithmenos
  2717 | D:4      | Noticed Edmund
  2726 | D:4      | Killed Edmund
  2764 | D:4      | Noticed Eustachio
  2770 | D:4      | Killed Eustachio
  2770 | D:4      | Reached XP level 8. HP: 50/50 MP: 8/8
  2773 | D:4      | Found an opulent altar of Gozag.
  2856 | D:4      | Found a staircase to the Ecumenical Temple.
  2917 | D:5      | Entered Level 5 of the Dungeon
  3032 | D:5      | Gained mutation: You rapidly evolve. [evolution]
  3107 | D:5      | Noticed Blork the orc
  3136 | D:5      | Killed Blork the orc
  3328 | D:5      | Found Qanlip Soe's Gadget Emporium.
  3328 | D:5      | Noticed Umoon's ghost (novice CeFi)
  3350 | D:5      | HP: 2/50 [Umoon's ghost (10)]
  3359 | D:5      | Slain by Umoon's ghost

Vault maps used:
D:1:      saegor_arrival_simple_a, hangedman_decor_push, minmay_pentomino_s4
D:2:      lemuel_crystal_altar, grunt_qazlal_clouds, serial_forest,
          infiniplex_forest_corner_1, infiniplex_forest_clump_curved,
          infiniplex_forest_corner_2, infiniplex_forest_straight_3,
          infiniplex_forest_lined_3, infiniplex_forest_clump_double,
          infiniplex_forest_clump_double
D:3:      first_bread, uniq_ijyb
D:4:      grunt_gozag_statues, minmay_temple_entry_glassed_door, uniq_eustachio,
          uniq_edmund
D:5:      cheibrodos_fzero, lemuel_crystal_altar, serial_shops, shop,
          uniq_pikel, uniq_blork_the_orc

Skill      XL: |  1  2  3  4  5  6  7 |
---------------+----------------------+-----
Short Blades   | 3 4 5 6 |  6.7
Stealth        | 6 16 17 | 17.4
Fighting       | |  2.0
Throwing       | |  2.0
Dodging        | |  1.0

Action                   |  1- 3 |  4- 6 |  7- 9 || total
-------------------------+-------+-------+-------++-------
Melee: Dagger            |    55 |    81 |    71 ||   207
       Constrict         |    13 |    15 |    11 ||    39
       Tentacles         |     8 |    13 |    12 ||    33
 Fire: Blowgun           |       |     2 |     2 ||     4
  Use: Potion            |     3 |     3 |     1 ||     7
       Scroll            |     1 |     3 |     5 ||     9
 Stab: Sleeping          |    15 |    19 |    12 ||    46
       Distracted        |       |     1 |     1 ||     2
  Eat: Chunk             |       |     2 |     1 ||     3
       Bread ration      |       |     1 |       ||     1
Armor: Skin              |     6 |     1 |     5 ||    12
Dodge: Dodged            |    31 |    32 |    30 ||    93
